 Dungeon Crawl Stone Soup version 0.01-2087-gb5e28fc70b (webtiles) character file.

Game seed: 1226033464507580389, levelgen mode: classic

7083 Amnesiac the Lasher (level 10, -5/100 HPs) Lignifite Demonspawn. Began on May 31, 2020. Was a High Priest of Okawaru. Engulfed by a cloud of freezing vapour (16 damage) ... in an ice cave. The game lasted 00:14:14 (3843 turns).

Amnesiac the Lasher (Lignifite Demonspawn)          Turns: 3843, Time: 00:14:15

Health: -5/100     AC: 14    Str: 30    XL:     10 ^: 853
Magic:  17/17      EV: 17    Int: 20    God:    Okawaru [*****. (142)]
Gold:   210        SH: 20    Dex: 11    Spells: 8/13 levels left

rFire    . . .     Vision   .   v - +0 nunchaku
rCold    . . .     Gourm    .   s - +6 nunchaku (protect)
rNeg     . . .     Faith    .   w - +1 robe of Divine Compulsion {Str+6 Int+5 Dex-4}
rPois    +         Spirit   .   (helmet restricted)
rElec    .         Reflect  .   (no cloak)
rCorr    .         Harm     .   (gloves unavailable)
MR       .....                  (boots unavailable)
Stlth    ..........             (no amulet)
HPRegen  0.43/turn              n - ring of protection (curse) {(Curse: *Slow MR-)}
MPRegen  0.27/turn              (no ring)

@: mighty, agile, berserking (expiring), very quick
A: small, rF-, horns 1, molten bark 3, deformed body, speed 1, nightstalker 1,
poison resistance, powered by pain 1, slow metabolism 1, torment resistance,
plant, rot immunity
a: Heroism, Finesse, Renounce Religion


You were in an ice cave.
You worshipped Okawaru.
Okawaru was extremely pleased with you.
You were not hungry.

You visited 2 branches of the dungeon, and saw 6 of its levels.
You also visited: Ice Cave.

You collected 210 gold pieces.

Inventory:

Shields
 s - a +6 nunchaku of protection (weapon)
 v - a +0 nunchaku (weapon)
Armour
 b - a +0 robe
 c - a +0 plate armour
 m - a +2 ring mail of fire resistance
 w - the +1 robe of Divine Compulsion (worn) {Str+6 Int+5 Dex-4}
   (Okawaru gifted it to you in an ice cave)

   It affects your strength (+6).
   It affects your intelligence (+5).
   It affects your dexterity (-4).
Jewellery
 n - a cursed ring of protection (left hand) {(Curse: *Slow MR-)}
 o - an uncursed ring of ice
Wands
 a - a wand of disintegration (2)
 t - a wand of flame (28)
Scrolls
 e - a scroll of fear {!r}
 f - a scroll of blinking {!r}
 g - 2 scrolls of enchantment {!r}
 h - 2 scrolls of teleportation {!r}
Potions
 k - a potion of agility {!q}
 l - 3 potions of curing {!q}
 p - a potion of cancellation {!q}
 q - a potion of haste {!q}
 u - 2 potions of might {!q}
Comestibles
 d - 8 rations
 r - 14 chunks of flesh


   Skills:
 - Level 2.0 Fighting
 * Level 14.5 Whips & Flails
 - Level 2.6 Dodging
 - Level 1.7 Stealth
 - Level 2.1 Spellcasting
 - Level 8.0 Invocations
 - Level 4.0 Evocations


You had 8 spell levels left.
You knew the following spells:

 Your Spells              Type           Power        Failure   Level  Hunger
a - Flame Tongue          Fire           2 (40)       73%         1    #......
b - Call Imp              Summ           2 (100)      86%         2    ##.....
v - Blink                 Tloc           N/A          86%         2    ##.....

Your spell library contained the following spells:

 Spells                   Type           Power        Failure   Level  Hunger
 Slow                     Hex            2 (100)      86%         2    ##.....
 Conjure Flame            Fire           2 (100)      97%         3    ###....
 Mephitic Cloud           Pois/Air       2 (100)      97%         3    ###....


Dungeon Overview and Level Annotations

Branches:
Dungeon (5/8)              Temple (1/1) D:4           IceCv (1/1)
   Lair: D:5

Altars:
Ashenzari
Gozag
Kikubaaqudgha
Nemelex Xobeh
Okawaru
Qazlal
Trog
Uskayaw
Vehumet
Wu Jian
Xom


Innate Abilities, Weirdness & Mutations

Your woody flesh burns easily. (rF-)
A tangle of shorter branches protects your body from attack. (+4 SH)
You are small and have problems with some larger weapons.
You have a pair of small horns on your head.
You are completely covered in molten bark. (AC +4, rF+)
Armour fits poorly on your strangely shaped body.
You cover ground quickly.
You are slightly more attuned to the shadows.
Your system is resistant to poisons. (rPois)
You sometimes gain a little power by taking damage.
You have a slow metabolism.
You are immune to unholy pain and torment.
You require very little carbon dioxide to survive.
You are immune to rotting.


Message History

Really quaff
j - a potion of heal wounds {!q}?
You feel much better.
You are engulfed in freezing vapours.
* * * LOW HITPOINT WARNING * * *
You block the wolf's attack. x2; The wolf closely misses you (0).
Really quaff
i - a potion of berserk rage {!q}?
A red film seems to cover your vision as you go berserk!
You feel yourself moving faster!
You feel mighty! You block the wolf's attack. The wolf bites you (5).
* * * LOW HITPOINT WARNING * * *
The ice statue gestures.
You block the wolf's attack. The wolf bites you but does no damage.
You bludgeon the wolf (18)!!
The wolf is almost dead. (3/21) HP You sock the wolf (14)!
You kill the wolf!
Okawaru accepts your kill.
You closely miss the wolf. You sock the wolf (9)!
The wolf is heavily wounded. (13/22) HP You block the wolf's attack.
You closely miss the wolf. You hit the wolf (5). You headbutt the wolf (6).
The wolf is almost dead. (2/22) HP You block the wolf's attack.
You sock the wolf (9)!
You kill the wolf!
Okawaru accepts your kill. The ice statue gestures at you.
The freezing blast misses you.
You are engulfed in freezing vapours.
You block the ice beast's attack.
You see here a wolf corpse.
You hit the ice statue (3).
The ice statue is lightly damaged. (63/66) HP You sock the ice statue (14)!
The ice statue is moderately damaged. (49/66) HP You are engulfed in freezing vapours.
* * * LOW HITPOINT WARNING * * *
The ice statue gestures at you. The freezing blast misses you.
You hit the ice statue (1).
The ice statue is moderately damaged. (48/66) HP You sock the ice statue (11)!
You headbutt the ice statue (16)!
The ice statue is severely damaged. (21/66) HP You are engulfed in freezing vapours.
* * * LOW HITPOINT WARNING * * *
You focus on the pain.
You feel very mighty all of a sudden. You block the ice beast's attack.
You sock the ice statue (17)!
The ice statue is almost destroyed. (4/66) HP You thump the ice statue (13)!
You destroy the ice statue!
Okawaru accepts your kill.
The ice beast disappears in a puff of smoke!
You are engulfed in freezing vapours.
* * * LOW HITPOINT WARNING * * *
You are too berserk!
You are engulfed in freezing vapours.
* * * LOW HITPOINT WARNING * * *
You are too berserk!
You feel a strong urge to attack something.
You are engulfed in freezing vapours.
* * * LOW HITPOINT WARNING * * *
You see here a wolf corpse.
You are engulfed in freezing vapours.
You die...

##.# #..#
#°## #○##
#. ##.#
#.. ##.#
#.# ##○°#
#..###..##
#.°#☼@°#
#.°°○°##
##.°°○#
##○○##
#○○# #.##
##


There were no monsters in sight!

Vanquished Creatures
  An ice statue (IceCv)
  7 polar bears (IceCv)
  A hippogriff (D:4)
  16 yaks
  4 orc warriors
  A sky beast (D:4)
  A black bear (D:4)
  15 wolves (IceCv)
  2 bullfrogs (D:4)
  A scorpion (D:4)
  3 howler monkeys
  A crimson imp (D:4)
  4 hounds
  An orc priest (D:4)
  2 orc wizards (D:4)
  3 iguanas
  A wyvern zombie (D:5)
  8 worker ants
  A water moccasin skeleton (D:3)
  A bullfrog zombie (D:4)
  2 bullfrog skeletons
  7 adders
  A worm (D:3)
  2 hound skeletons
  An ooze (D:1)
  A dart slug (D:1)
  10 leopard geckos
  19 orcs
  4 bats
  3 giant cockroaches
  6 goblins
  9 hobgoblins
  6 jackals
  4 kobolds
  3 quokkas
  10 frilled lizards
  6 rats
168 creatures vanquished.

Notes
Turn   | Place    | Note
-------+----------+-------------------------------------------
     0 | D:1      | Amnesiac the Lignifite Demonspawn began the quest for the
                  | Orb.
     0 | D:1      | Reached XP level 1. HP: 12/12 MP: 4/4
    34 | D:1      | Gained mutation: You are partially covered in molten bark.
                  | (AC +2) [demonic ancestry]
    34 | D:1      | Reached XP level 2. HP: 19/19 MP: 6/6
    43 | D:1      | Reached skill level 3 in Whips & Flails
   399 | D:1      | Gained mutation: You are slightly more attuned to the
                  | shadows. [demonic ancestry]
   399 | D:1      | Reached XP level 3. HP: 24/24 MP: 7/7
   866 | D:2      | Reached skill level 4 in Whips & Flails
   954 | D:2      | Found a shattered altar of Ashenzari.
  1008 | D:2      | Gained mutation: You are mostly covered in molten bark. (AC
                  | +3) [demonic ancestry]
  1008 | D:2      | Reached XP level 4. HP: 29/29 MP: 8/8
  1400 | D:3      | Reached skill level 5 in Whips & Flails
  1496 | D:3      | Gained mutation: You sometimes gain a little power by
                  | taking damage. [demonic ancestry]
  1496 | D:3      | Reached XP level 5. HP: 24/34 MP: 9/9
  1549 | D:3      | Noticed an ogre
  1750 | D:3      | Reached skill level 6 in Whips & Flails
  1812 | D:3      | Reached XP level 6. HP: 26/39 MP: 10/10
  2097 | D:3      | Reached skill level 7 in Whips & Flails
  2482 | D:4      | Reached skill level 8 in Whips & Flails
  2482 | D:4      | Gained mutation: You have a pair of small horns on your
                  | head. [demonic ancestry]
  2482 | D:4      | Reached XP level 7. HP: 43/45 MP: 11/11
  2561 | D:4      | HP: 2/45 [orc warrior/+0 glaive (14)]
  2562 | D:4      | Reached skill level 9 in Whips & Flails
  2793 | D:4      | Found a staircase to the Ecumenical Temple.
  2866 | Temple   | Entered the Ecumenical Temple
  2882 | Temple   | Became a worshipper of Warmaster Okawaru
  2908 | D:4      | Received a gift from Okawaru
  2917 | D:4      | Found an ornate altar of the Wu Jian Council.
  2929 | D:4      | your +6 nunchaku of protection protects you from harm!
  2932 | D:4      | your +6 nunchaku of protection protects you from harm!
  2934 | D:4      | your +6 nunchaku of protection protects you from harm!
  2939 | D:4      | your +6 nunchaku of protection protects you from harm!
  2964 | D:3      | Reached XP level 8. HP: 45/56 MP: 12/12
  2983 | D:4      | Reached * piety under Okawaru
  2983 | D:4      | Reached skill level 10 in Whips & Flails
  3171 | D:4      | Reached skill level 11 in Whips & Flails
  3195 | D:4      | Learned a level 2 spell: Blink
  3198 | D:4      | Learned a level 2 spell: Call Imp
  3286 | D:4      | Reached ** piety under Okawaru
  3410 | D:5      | Entered Level 5 of the Dungeon
  3420 | D:5      | Gained mutation: You are completely covered in molten bark.
                  | (AC +4, rF+) [demonic ancestry]
  3420 | D:5      | Reached XP level 9. HP: 61/61 MP: 13/13
  3437 | D:5      | Found a frozen archway.
  3449 | D:5      | Received a gift from Okawaru
  3449 | D:5      | Reached skill level 1 in Evocations
  3474 | IceCv    | Entered an ice cave
  3511 | IceCv    | Reached skill level 12 in Whips & Flails
  3511 | IceCv    | Reached skill level 5 in Invocations
  3514 | IceCv    | Reached *** piety under Okawaru
  3620 | IceCv    | Identified the +1 robe of Divine Compulsion {Str+6 Int+5
                  | Dex-4} (Okawaru gifted it to you in an ice cave)
  3620 | IceCv    | Received a gift from Okawaru
  3623 | IceCv    | Reached **** piety under Okawaru
  3628 | IceCv    | Reached XP level 10. HP: 47/67 MP: 16/16
  3694 | IceCv    | Reached skill level 13 in Whips & Flails
  3719 | IceCv    | Reached ***** piety under Okawaru
  3765 | IceCv    | Reached skill level 14 in Whips & Flails
  3843 | IceCv    | Engulfed by a cloud of freezing vapour

Levels and vault maps discovered:
D:1:      dpeg_arrival_water_temple_mockup, layout_loops_ring,
          kennysheep_decorative_pillar, minmay_crystal_room
D:2:      layout_loops_ring, chequers_serial_rivers_micro_a,
          evilmike_ruin_ashenzari
D:3:      layout_loops_cross, first_ration
D:4:      layout_loops_ring, overflow_temple_1_default, temple_statues
D:5:      ossuary_bcadren_due_volcanic, layout_gridville,
          grunt_lair_entry_orc_guard_hut, portal_ice_cave_entry_pillars_1,
          uniq_erolcha
Temple:   nicolae_temple_the_god_donut
IceCv:    ice_cave_caverns_01

Skill      XL: |  1  2  3  4  5  6  7  8  9 10 |
---------------+-------------------------------+-----
Whips & Flails | 3 4 5 6 8 9 11 12 14 | 14.5
Evocations     | 3 4 |  4.0
Invocations    | 6 8 |  8.0
Fighting       | |  2.0
Dodging        | |  2.6
Stealth        | |  1.7
Spellcasting   | |  2.1

Action                   |  1- 3 |  4- 6 |  7- 9 | 10-12 || total
-------------------------+-------+-------+-------+-------++-------
Melee: Flail             |   130 |   206 |   130 |       ||   466
       Unarmed           |    88 |   123 |       |       ||   211
       Nunchaku          |       |       |   172 |   150 ||   322
       Headbutt          |       |       |    37 |    22 ||    59
  Use: Potion            |       |       |       |     2 ||     2
 Stab: Sleeping          |     4 |    11 |     5 |       ||    20
       Distracted        |       |       |     1 |       ||     1
  Eat: Chunk             |       |     3 |     3 |     1 ||     7
Armor: Robe              |    13 |    25 |    25 |    13 ||    76
Dodge: Dodged            |   146 |   143 |    67 |    16 ||   372
Block: Other             |    10 |    12 |     7 |       ||    29
       Nunchaku          |       |       |    66 |    53 ||   119
